 Dungeon Crawl Stone Soup version 0.27.0-1-g7a089689b8 (webtiles) character file.

Game seed: 5681735641043879014

126 wakim the Shield-Bearer (level 4, -4/30 (44) HPs)
             Began as a Troll Fighter on Aug 2, 2021.
             Slain by a wight (5 damage)
             ... on level 1 of the Dungeon.
             The game lasted 00:04:57 (964 turns).

wakim the Shield-Bearer (Troll Fighter)              Turns: 964, Time: 00:04:57

HP:   -4/30 (44)    AC:  4    Str: 24    XL:     4   Next: 83%
MP:   3/3           EV: 10    Int: 11    God:
Gold: 72            SH:  0    Dex:  9    Spells: 3/3 levels left

rFire    . . .     SeeInvis .     - Unarmed
rCold    . . .     Faith    .   (no shield)
rNeg     . . .     Spirit   .   a - +0 robe
rPois    .         Reflect  .   (helmet restricted)
rElec    .         Harm     .   e - scarf {repulsion}
rCorr    .         Rampage  .   (gloves unavailable)
Will     .....                  (boots unavailable)
Stlth    +.........             (no amulet)
HPRegen  1.10/turn              j - +6 ring of intelligence
MPRegen  0.08/turn              (no ring)

@: studying Slings, very heavily drained, repel missiles
A: large, unfitting armour, claws 3, regeneration 1, shaggy fur 1, tough skin 1
a: no special abilities


You were on level 1 of the Dungeon.
You visited 1 branch of the dungeon, and saw 3 of its levels.

You collected 72 gold pieces.

Inventory:

Missiles
 f - 8 poisoned darts
 g - 7 javelins
 h - 7 boomerangs (quivered)
Armour
 a - a +0 robe (worn)
 b - a +0 kite shield
 e - a scarf of repulsion (worn)
Jewellery
 j - a +6 ring of intelligence (left claw)
Wands
 u - a wand of mindburst (7)
Scrolls
 i - a scroll of identify {unknown}
Potions
 c - a potion of mutation {unknown}
 d - 2 potions of attraction {unknown}
 N - a potion of might


   Skills:
 + Level 2.8 Fighting
 + Level 0.7 Throwing
 + Level 2.9 Dodging
 * Level 3.2 Shields
 * Level 3.2 Unarmed Combat


You had 3 spell levels left.
You didn't know any spells.
Your spell library was empty.

Dungeon Overview and Level Annotations

Branches:
Dungeon (3/15)

Altars:

Annotations:
D:2 Sigmund


Innate Abilities, Weirdness & Mutations

You are too large for most types of armour.
You have claws for hands.
Your natural rate of healing is unusually fast.
You are covered in fur. (AC +1)
You have tough skin. (AC +1)


Message History

There is a stone staircase leading down here.
The wight hits you with a +2 long sword of freezing.
You feel drained. The wight freezes you.
The wight hits you with a +2 long sword of freezing.
You feel drained. The wight freezes you.
You closely miss the wight.
The wight is moderately damaged.
The wight hits you with a +2 long sword of freezing.
You feel drained. The wight freezes you.
You scratch the wight.
The wight is heavily damaged.
The wight hits you with a +2 long sword of freezing.
You feel drained. The wight freezes you.
You scratch the wight but do no damage.
The wight is heavily damaged.
You closely miss the wight.
The wight is heavily damaged.
The wight closely misses you.
You barely miss the wight.
The wight is heavily damaged.
The wight hits you with a +2 long sword of freezing!
* * * LOW HITPOINT WARNING * * *
You feel drained.
* * * LOW HITPOINT WARNING * * *
The wight freezes you.
* * * LOW HITPOINT WARNING * * *
You barely miss the wight.
The wight is heavily damaged.
The wight misses you.
You barely miss the wight.
The wight is heavily damaged.
The wight barely misses you.
You scratch the wight.
The wight is severely damaged.
The wight hits you with a +2 long sword of freezing!
* * * LOW HITPOINT WARNING * * *
You feel drained.
* * * LOW HITPOINT WARNING * * *
The wight freezes you.
You die...

#..# #.# #.###.#
##.# #.# ##.....#
#.#
#.#########..#####
#.# #.#.........##
#.# #.#.....#####
#.###.......#
#...........#
#.......#######
#..........z@.#
#.......#####.#
##..#...#...#.#
##.#...#.#.#.###
#.....#.#.#...#
#..)....#.#..)#
#.......#.#...#
#.......#.#.###
#..>....#.#.####


You could see a wight.

Vanquished Creatures
  2 wights (D:3)
  An adder (D:2)
  A worm (D:2)
  2 dart slugs (D:1)
  4 bats
  2 endoplasms (D:1)
  A goblin (D:1)
  3 hobgoblins
  2 jackals (D:3)
  A quokka (D:2)
  5 ball pythons
  A frilled lizard (D:2)
  2 kobolds
  A rat (D:2)
28 creatures vanquished.

Vanquished Creatures (others)
  4 plants (D:2)
4 creatures vanquished.

Grand Total: 32 creatures vanquished

Notes
Turn   | Place    | Note
-------+----------+-------------------------------------------
     0 | D:1      | wakim the Troll Fighter began the quest for the Orb.
     0 | D:1      | Reached XP level 1. HP: 22/22 MP: 0/0
   130 | D:1      | Reached XP level 2. HP: 29/29 MP: 1/1
   425 | D:2      | Noticed Sigmund
   528 | D:2      | Reached XP level 3. HP: 36/36 MP: 2/2
   883 | D:3      | Reached XP level 4. HP: 44/44 MP: 3/3
   894 | D:3      | HP: 2/40 [wight (2)]
   964 | D:1      | HP: 1/30 [wight (2)]
   964 | D:1      | Slain by a wight

Illustrated notes

Levels and vault maps discovered:
D:1:      dpeg_arrival_tiny_c, layout_basic, chequers_garden, feat_on_display
D:2:      layout_basic, wad_woods_river_04, uniq_sigmund
D:3:      layout_basic, minmay_shallow_snake_nest

Skill      XL: |  1  2  3 |
---------------+----------+-----
Shields        | 3 |  3.2
Unarmed Combat | 3 |  3.2
Fighting       | |  2.8
Throwing       | |  0.7
Dodging        | |  2.9

Action                   |  1- 3 |  4- 6 || total
-------------------------+-------+-------++-------
Melee: Unarmed           |    82 |    16 ||    98
  Use: Scroll            |     2 |       ||     2
 Stab: Sleeping          |     1 |       ||     1
Armor: Robe              |    25 |     1 ||    26
Dodge: Dodged            |    34 |     6 ||    40
       Repelled          |     1 |       ||     1
